Eagles vs Phantoms

Created - 12 novembre 2025 at 19:33

Goals
1 2 3 T
Eagles 0 0 0 0
Phantoms 0 0 1 1
Shots
1 2 3 T
Eagles 0 9 3 12
Phantoms 1 10 8 19

GoalsPenalties
1st period
No Goal
No Penalty
2nd period
No Goal
Maxim Tsyplakov (COL) for Goalie Interference (Minor) at 17:40
3rd period
1. Phantoms , Wyatte Wylie 1 (Max McCormick 5) at 5:25
No Penalty
Goalie Stats
Ivan Fedotov (COL), 18 saves from 19 shots - (0,947), L, 11-5-3, 59:52 minutes
Malcolm Subban (PHI), 12 saves from 12 shots - (1,000), W, 8-8-1, 60:00 minutes
3 StarsOfficial
1 - Malcolm Subban (PHI)
2 - Wyatte Wylie (PHI)
3 - Max McCormick (PHI)
Referees : Shauna Neary and Trevor Hanson
Linesman : Bryan Pancich and Justine Todd
Game Note
No Game Note



Team Name Goals Shots Shots Attemp Shots Blocked PIM HIT PP PK FO%
Eagles 0121882110 / 0 (0%052%
Phantoms 1194130160 / 1 (0%)048%

Eagles
Player Name POS G A P +/- PIM HIT SHT SB MP PP MP PP SHT PK MP PK SHT FO% FOT GA TA
Alex AlexeyevD000-1000024:020:0001:1800% 000
Chris WagnerC/RW0000020014:270:0000:00040% 500
Daniel WalcottLW0000012019:140:0000:3200% 000
Gage GoncalvesC/RW000-1023022:070:0001:27071% 1400
Hunter SkinnerD0000000316:390:0000:0000% 000
Isaiah GeorgeD0000000119:190:0000:4100% 010
Jett WooD0000010216:390:0000:0000% 001
John LudvigD0000001118:350:0000:4100% 000
Kyle CliffordLW0000001114:500:0000:0000% 000
Mark GiordanoD000-1000019:270:0001:1800% 000
Matthew PecaC000000009:420:0000:0000% 000
Maxim TsyplakovRW000-1211018:120:0000:0000% 000
Mike VecchioneLW000-1010021:050:0001:27050% 210
Nikolai KnyzhovD000000005:300:0000:0000% 000
Ryan CarpenterC0000011017:140:0000:18040% 500
Trey Fix-WolanskyRW000000001:200:0000:0000% 000
Walker DuehrC/RW0000012019:580:0000:14033% 300
Zack MacEwenRW0000011019:400:0000:0000% 200
Phantoms
Player Name POS G A P +/- PIM HIT SHT SB MP PP MP PP SHT PK MP PK SHT FO% FOT GA TA
Chase WoutersC0000021016:560:0000:00075% 400
Cole ReinhardtLW0000001016:410:0000:0000% 000
Curtis DouglasC0001013019:380:1600:00057% 700
Djibril TouréD000000008:220:0000:0000% 000
Dylan RoobroeckC0000000021:571:4300:00040% 1500
Grant GabrieleD000000006:120:0000:0000% 000
Grant HuttonD0001000020:130:0400:0000% 000
Jeremie BuchelerD000000002:030:0000:0000% 000
Jordan MartelRW0001020019:290:1600:0000% 000
Josh ProkopRW0000000010:060:0000:0000% 000
Josiah DidierD0000011019:361:5500:0000% 001
Juha JaaskaLW0000001022:511:4300:00033% 300
Lukas RousekRW0000055021:561:4300:000100% 110
Max McCormickLW0111013020:070:1610:0000% 100
Ryan JonesD0000010012:070:0000:0000% 000
Seth HelgesonD0000002016:590:0000:0000% 001
Steven SantiniD0000031124:521:5500:0000% 000
Wyatte WylieD1011001219:550:0400:0000% 000

Eagles

5 vs 5 Forward
Line #Left WingCenterRight WingPHYDFOFWanted %Time %Time Play
1Mike VecchioneGage GoncalvesMaxim Tsyplakov1224030%16:59
2Daniel WalcottWalker DuehrZack MacEwen1223035%20:00
3Kyle CliffordRyan CarpenterGage Goncalves1222024%13:43
4Mike VecchioneChris WagnerWalker Duehr1221011%6:11
5 vs 5 Defense
Line #DefenseDefensePHYDFOFWanted %Time %Time Play
1Alex AlexeyevMark Giordano1224031%17:50
2Isaiah GeorgeJohn Ludvig1223032%18:29
3Jett WooHunter Skinner1222026%15:04
4Nikolai KnyzhovAlex Alexeyev1221010%5:30
Power Play Forward
Line #Left WingCenterRight WingPHYDFOFWanted %Time %Time Play
1Mike VecchioneGage GoncalvesMaxim Tsyplakov122600%0:00
2Daniel WalcottWalker DuehrZack MacEwen122400%0:00
Power Play Defense
Line #DefenseDefensePHYDFOFWanted %Time %Time Play
1Alex AlexeyevMark Giordano122600%0:00
2Isaiah GeorgeJohn Ludvig122400%0:00
Penalty Kill 4 Players Forward
Line #CenterWingPHYDFOFWanted %Time %Time Play
1Gage GoncalvesMike Vecchione1226088%1:45
2Walker DuehrDaniel Walcott1224012%0:14
Penalty Kill 4 Players Defense
Line #DefenseDefensePHYDFOFWanted %Time %Time Play
1Alex AlexeyevMark Giordano1226066%1:18
2Isaiah GeorgeJohn Ludvig1224034%0:41
Penalty Kill 3 Players
Line #WingPHYDFOFWanted %Time %Time PlayDefenseDefensePHYDFOFWanted %Time %Time Play
1Gage Goncalves122600%0:00 Alex AlexeyevMark Giordano122600%0:00
2Walker Duehr122400%0:00 Isaiah GeorgeJohn Ludvig122400%0:00
4 vs 4 Forward
Line #CenterWingPHYDFOFWanted %Time %Time Play
1Gage GoncalvesMike Vecchione122600%0:00
2Walker DuehrDaniel Walcott122400%0:00
4 vs 4 Defense
Line #DefensePHYDFOFWanted %Time %Time Play
1Alex AlexeyevMark Giordano122600%0:00
2Isaiah GeorgeJohn Ludvig122400%0:00
Last Minutes Offensive
Left WingCenterRight WingDefenseDefense
Mike VecchioneGage GoncalvesMaxim TsyplakovAlex AlexeyevMark Giordano
Last Minutes Defensive
Left WingCenterRight WingDefenseDefense
Mike VecchioneGage GoncalvesMaxim TsyplakovAlex AlexeyevMark Giordano
Time
Total ForwardTotal DefenseLast Minutes OffensiveLast Minutes Defensive
60:00 60:00 1:080:00
Extra Forwards
Normal PowerPlayPenalty Kill
Ryan Carpenter, Chris Wagner, Matthew PecaRyan Carpenter, Chris WagnerRyan Carpenter
Extra Defensemen
Normal PowerPlayPenalty Kill
Jett Woo, Hunter Skinner, Nikolai KnyzhovJett Woo, Jett WooHunter Skinner
Penalty Shots
Maxim Tsyplakov, Zack MacEwen, Gage Goncalves, Walker Duehr, Ryan Carpenter
Goalie
Ivan Fedotov, Collin Delia
Scratches
Kyle Masters (Healthy), Gleb Trikozov (Healthy), Joey Keane (Healthy), Justin Robidas (Healthy), Rodwin Dionicio (Healthy) Vincent Arseneau (Healthy), Simon Lundmark (Healthy), Aleksandr Kisakov (Healthy), Tomas Suchanek (Healthy)

Phantoms

5 vs 5 Forward
Line #Left WingCenterRight WingPHYDFOFWanted %Time %Time Play
1Juha JaaskaDylan RoobroeckLukas Rousek1224032%18:19
2Max McCormickCurtis DouglasJordan Martel1223037%21:09
3Cole ReinhardtChase WoutersJuha Jaaska1222024%13:49
4Lukas RousekJuha JaaskaMax McCormick122106%3:37
5 vs 5 Defense
Line #DefenseDefensePHYDFOFWanted %Time %Time Play
1Steven SantiniJosiah Didier1224030%17:19
2Wyatte WylieGrant Hutton1223036%20:26
3Steven SantiniDjibril Touré1222012%7:02
4Seth HelgesonRyan Jones1221021%12:07
Power Play Forward
Line #Left WingCenterRight WingPHYDFOFWanted %Time %Time Play
1Juha JaaskaDylan RoobroeckLukas Rousek1226087%1:43
2Max McCormickCurtis DouglasJordan Martel1224013%0:16
Power Play Defense
Line #DefenseDefensePHYDFOFWanted %Time %Time Play
1Steven SantiniJosiah Didier1226097%1:55
2Wyatte WylieGrant Hutton122403%0:04
Penalty Kill 4 Players Forward
Line #CenterWingPHYDFOFWanted %Time %Time Play
1Juha JaaskaLukas Rousek122600%0:00
2Max McCormickCole Reinhardt122400%0:00
Penalty Kill 4 Players Defense
Line #DefenseDefensePHYDFOFWanted %Time %Time Play
1Steven SantiniJosiah Didier122600%0:00
2Wyatte WylieGrant Hutton122400%0:00
Penalty Kill 3 Players
Line #WingPHYDFOFWanted %Time %Time PlayDefenseDefensePHYDFOFWanted %Time %Time Play
1Juha Jaaska122600%0:00 Steven SantiniJosiah Didier122600%0:00
2Lukas Rousek122400%0:00 Wyatte WylieGrant Hutton122400%0:00
4 vs 4 Forward
Line #CenterWingPHYDFOFWanted %Time %Time Play
1Juha JaaskaLukas Rousek122600%0:00
2Max McCormickCole Reinhardt122400%0:00
4 vs 4 Defense
Line #DefensePHYDFOFWanted %Time %Time Play
1Steven SantiniJosiah Didier122600%0:00
2Wyatte WylieGrant Hutton122400%0:00
Last Minutes Offensive
Left WingCenterRight WingDefenseDefense
Juha JaaskaDylan RoobroeckLukas RousekSteven SantiniJosiah Didier
Last Minutes Defensive
Left WingCenterRight WingDefenseDefense
Juha JaaskaDylan RoobroeckLukas RousekSteven SantiniJosiah Didier
Time
Total ForwardTotal DefenseLast Minutes OffensiveLast Minutes Defensive
60:00 60:00 0:001:07
Extra Forwards
Normal PowerPlayPenalty Kill
Chase Wouters, Juha Jaaska, Dylan RoobroeckChase Wouters, Juha JaaskaDylan Roobroeck
Extra Defensemen
Normal PowerPlayPenalty Kill
Steven Santini, Josiah Didier, Djibril TouréSteven Santini, Steven SantiniDjibril Touré
Penalty Shots
Juha Jaaska, Lukas Rousek, Max McCormick, Cole Reinhardt, Dylan Roobroeck
Goalie
Malcolm Subban, Felix Sandström
Scratches
Jackson van de Leest (Left Foot Injury), Keaton Mastrodonato (Healthy), Sam Bitten (Healthy), Stefan Matteau (Healthy), Connor Kurth (Healthy) Dyllan Gill (Healthy), Filip Král (Healthy), Jeremie Biakabutuka (Healthy), Joe Arntsen (Healthy), Joe Fleming (Healthy) Noah Warren (Healthy), Riley Hughes (Healthy), Jaxon Castor (Healthy), Jordan Papirny (Healthy)


Play-by-Play

1st period


0:01 of 1st period - Gage Goncalves wins face-off versus Dylan Roobroeck in neutral zone.
0:16 of 1st period - Snap shot by Lukas Rousek.
0:16 of 1st period - Stopped by Ivan Fedotov with a rebound.
0:28 of 1st period - Slapshot by Wyatte Wylie.
0:28 of 1st period - Shot Misses the Net.
0:47 of 1st period - Off-side.
0:48 of 1st period - Chase Wouters wins face-off versus Ryan Carpenter in neutral zone.
1:13 of 1st period - Curtis Douglas is hit by Walker Duehr and loses puck.
4:21 of 1st period - Juha Jaaska is hit by Chris Wagner and loses puck.
6:37 of 1st period - Maxim Tsyplakov is hit by Lukas Rousek and loses puck.
6:55 of 1st period - Icing by Daniel Walcott.
6:56 of 1st period - Dylan Roobroeck wins face-off versus Walker Duehr in Eagles zone.
10:38 of 1st period - Zack MacEwen is hit by Ryan Jones and loses puck.
11:19 of 1st period - Josh Prokop is hit by Gage Goncalves and loses puck.
16:48 of 1st period - Icing by Chase Wouters.
16:49 of 1st period - Chris Wagner wins face-off versus Juha Jaaska in Phantoms zone.
19:52 of 1st period - Wyatte Wylie is hit by Zack MacEwen and loses puck.
Goals for this period are 0 for Eagles vs 0 for Phantoms.
Shots for this period are 0 for Eagles vs 1 for Phantoms.

2nd period


0:01 of 2nd period - Dylan Roobroeck wins face-off versus Gage Goncalves in neutral zone.
0:15 of 2nd period - Snap shot by Maxim Tsyplakov.
0:15 of 2nd period - Stopped by Malcolm Subban without a rebound.
0:16 of 2nd period - Curtis Douglas wins face-off versus Zack MacEwen in Phantoms zone.
0:51 of 2nd period - Wrist shot by Lukas Rousek.
0:51 of 2nd period - Stopped by Ivan Fedotov without a rebound.
0:52 of 2nd period - Gage Goncalves wins face-off versus Curtis Douglas in Eagles zone.
1:08 of 2nd period - Snap shot by Jordan Martel.
1:08 of 2nd period - Shot Hit the Post.
1:19 of 2nd period - Icing by Walker Duehr.
1:20 of 2nd period - Dylan Roobroeck wins face-off versus Zack MacEwen in Eagles zone.
1:35 of 2nd period - Snap shot by Daniel Walcott.
1:35 of 2nd period - Stopped by Malcolm Subban with a rebound.
1:45 of 2nd period - Maxim Tsyplakov is hit by Max McCormick and loses puck.
2:12 of 2nd period - Slapshot by Mike Vecchione.
2:12 of 2nd period - Deflect By Walker Duehr.
2:12 of 2nd period - Shot Misses the Net.
2:12 of 2nd period - Puck is out of play.
2:13 of 2nd period - Chris Wagner wins face-off versus Max McCormick in Phantoms zone.
2:14 of 2nd period - Wrist shot by Walker Duehr.
2:14 of 2nd period - Stopped by Malcolm Subban without a rebound.
2:15 of 2nd period - Curtis Douglas wins face-off versus Chris Wagner in Phantoms zone.
2:22 of 2nd period - Snap shot by Curtis Douglas.
2:22 of 2nd period - Stopped by Ivan Fedotov without a rebound.
2:23 of 2nd period - Curtis Douglas wins face-off versus Gage Goncalves in Eagles zone.
2:52 of 2nd period - Daniel Walcott is hit by Lukas Rousek and loses puck.
2:57 of 2nd period - Wrist shot by Lukas Rousek.
2:57 of 2nd period - Stopped by Ivan Fedotov with a rebound.
2:59 of 2nd period - Snap shot by Dylan Roobroeck.
2:59 of 2nd period - Shot Misses the Net.
3:11 of 2nd period - Backhand shot by Ryan Carpenter.
3:11 of 2nd period - Stopped by Malcolm Subban with a rebound.
3:13 of 2nd period - Slapshot by Kyle Clifford.
3:13 of 2nd period - Stopped by Malcolm Subban with a rebound.
3:15 of 2nd period - Snap shot by John Ludvig.
3:15 of 2nd period - Stopped by Malcolm Subban with a rebound.
4:02 of 2nd period - Icing by Ryan Carpenter.
4:03 of 2nd period - Lukas Rousek wins face-off versus Ryan Carpenter in Eagles zone.
4:32 of 2nd period - Slapshot by Walker Duehr.
4:32 of 2nd period - Shot Blocked by Steven Santini.
4:44 of 2nd period - Wrist shot by Gage Goncalves.
4:44 of 2nd period - Shot Misses the Net.
4:46 of 2nd period - Backhand shot by Gage Goncalves.
4:46 of 2nd period - Stopped by Malcolm Subban without a rebound.
4:47 of 2nd period - Ryan Carpenter wins face-off versus Dylan Roobroeck in Phantoms zone.
4:48 of 2nd period - Slapshot by Gage Goncalves.
4:48 of 2nd period - Stopped by Malcolm Subban with a rebound.
5:52 of 2nd period - Steven Santini is hit by Gage Goncalves and loses puck.
6:54 of 2nd period - Dylan Roobroeck is hit by Maxim Tsyplakov and loses puck.
8:07 of 2nd period - Grant Hutton is hit by Daniel Walcott and loses puck.
8:31 of 2nd period - Icing by Jordan Martel.
8:32 of 2nd period - Juha Jaaska wins face-off versus Walker Duehr in Phantoms zone.
8:57 of 2nd period - Josiah Didier is hit by Chris Wagner and loses puck.
11:38 of 2nd period - Grant Hutton is hit by Mike Vecchione and loses puck.
11:51 of 2nd period - Isaiah George is hit by Chase Wouters and loses puck.
12:50 of 2nd period - Max McCormick is hit by Jett Woo and loses puck.
13:02 of 2nd period - Wrist shot by Lukas Rousek.
13:02 of 2nd period - Shot Blocked by Hunter Skinner.
13:04 of 2nd period - Snap shot by Josiah Didier.
13:04 of 2nd period - Shot Misses the Net.
13:06 of 2nd period - Slapshot by Josiah Didier.
13:06 of 2nd period - Stopped by Ivan Fedotov with a rebound.
13:08 of 2nd period - Wrist shot by Steven Santini.
13:08 of 2nd period - Shot Misses the Net.
13:10 of 2nd period - Snap shot by Josiah Didier.
13:10 of 2nd period - Shot Blocked by Jett Woo.
13:12 of 2nd period - Snap shot by Max McCormick.
13:12 of 2nd period - Stopped by Ivan Fedotov with a rebound.
13:14 of 2nd period - Slapshot by Dylan Roobroeck.
13:14 of 2nd period - Shot Misses the Net.
13:16 of 2nd period - Snap shot by Max McCormick.
13:16 of 2nd period - Stopped by Ivan Fedotov with a rebound.
13:18 of 2nd period - Wrist shot by Dylan Roobroeck.
13:18 of 2nd period - Shot Misses the Net.
13:20 of 2nd period - Wrist shot by Steven Santini.
13:20 of 2nd period - Stopped by Ivan Fedotov without a rebound.
13:21 of 2nd period - Chase Wouters wins face-off versus Mike Vecchione in Eagles zone.
13:24 of 2nd period - Snap shot by Juha Jaaska.
13:24 of 2nd period - Deflect By Chase Wouters.
13:24 of 2nd period - Stopped by Ivan Fedotov with a rebound.
13:26 of 2nd period - Snap shot by Cole Reinhardt.
13:26 of 2nd period - Stopped by Ivan Fedotov with a rebound.
16:44 of 2nd period - Daniel Walcott is hit by Lukas Rousek and loses puck.
17:04 of 2nd period - Icing by Matthew Peca.
17:05 of 2nd period - Chase Wouters wins face-off versus Chris Wagner in Eagles zone.
17:28 of 2nd period - Wrist shot by Gage Goncalves.
17:28 of 2nd period - Stopped by Malcolm Subban with a rebound.
17:40 of 2nd period - Minor Penalty to Maxim Tsyplakov for Goalie Interference.
17:41 of 2nd period - Gage Goncalves wins face-off versus Curtis Douglas in Eagles zone.
17:52 of 2nd period - Snap shot by Max McCormick.
17:52 of 2nd period - Stopped by Ivan Fedotov without a rebound.
17:53 of 2nd period - Mike Vecchione wins face-off versus Dylan Roobroeck in Eagles zone.
18:11 of 2nd period - Icing by Josiah Didier.
18:12 of 2nd period - Gage Goncalves wins face-off versus Dylan Roobroeck in Phantoms zone.
19:25 of 2nd period - Snap shot by Dylan Roobroeck.
19:25 of 2nd period - Shot Misses the Net.
19:27 of 2nd period - Wrist shot by Lukas Rousek.
19:27 of 2nd period - Shot Misses the Net.
19:29 of 2nd period - Snap shot by Lukas Rousek.
19:29 of 2nd period - Shot Blocked by Isaiah George.
19:31 of 2nd period - Slapshot by Josiah Didier.
19:31 of 2nd period - Shot Blocked by John Ludvig.
19:33 of 2nd period - Slapshot by Juha Jaaska.
19:33 of 2nd period - Shot Misses the Net.
19:35 of 2nd period - Wrist shot by Lukas Rousek.
19:35 of 2nd period - Deflect By Gage Goncalves.
19:35 of 2nd period - Shot Misses the Net.
19:35 of 2nd period - Puck is out of play.
19:36 of 2nd period - Gage Goncalves wins face-off versus Curtis Douglas in Eagles zone.
19:40 of 2nd period - Penalty to Maxim Tsyplakov is over, Maxim Tsyplakov is back on ice.
Goals for this period are 0 for Eagles vs 0 for Phantoms.
Shots for this period are 9 for Eagles vs 10 for Phantoms.

3rd period


0:01 of 3rd period - Dylan Roobroeck wins face-off versus Gage Goncalves in neutral zone.
0:04 of 3rd period - Alex Alexeyev is hit by Steven Santini and loses puck.
1:50 of 3rd period - Wrist shot by Dylan Roobroeck.
1:50 of 3rd period - Deflect By Chase Wouters.
1:50 of 3rd period - Shot Misses the Net.
1:50 of 3rd period - Puck is out of play.
1:51 of 3rd period - Gage Goncalves wins face-off versus Dylan Roobroeck in Eagles zone.
2:23 of 3rd period - Mark Giordano is hit by Jordan Martel and loses puck.
3:00 of 3rd period - Slapshot by Hunter Skinner.
3:00 of 3rd period - Shot Blocked by Wyatte Wylie.
4:45 of 3rd period - Snap shot by Curtis Douglas.
4:45 of 3rd period - Stopped by Ivan Fedotov without a rebound.
4:46 of 3rd period - Curtis Douglas wins face-off versus Ryan Carpenter in Eagles zone.
4:49 of 3rd period - Wrist shot by Curtis Douglas.
4:49 of 3rd period - Shot Blocked by Kyle Clifford.
4:51 of 3rd period - Snap shot by Curtis Douglas.
4:51 of 3rd period - Stopped by Ivan Fedotov without a rebound.
4:52 of 3rd period - Walker Duehr wins face-off versus Dylan Roobroeck in Eagles zone.
4:56 of 3rd period - Mark Giordano is hit by Lukas Rousek and loses puck.
5:01 of 3rd period - Slapshot by Zack MacEwen.
5:01 of 3rd period - Stopped by Malcolm Subban with a rebound.
5:03 of 3rd period - Slapshot by Alex Alexeyev.
5:03 of 3rd period - Shot Blocked by Wyatte Wylie.
5:05 of 3rd period - Snap shot by Daniel Walcott.
5:05 of 3rd period - Stopped by Malcolm Subban with a rebound.
5:07 of 3rd period - Wrist shot by Walker Duehr.
5:07 of 3rd period - Stopped by Malcolm Subban with a rebound.
5:25 of 3rd period - Slapshot by Wyatte Wylie.
5:25 of 3rd period - Goal by Wyatte Wylie - Eagles : 0 - Phantoms : 1.
5:26 of 3rd period - Dylan Roobroeck wins face-off versus Gage Goncalves in neutral zone.
5:29 of 3rd period - Snap shot by Lukas Rousek.
5:29 of 3rd period - Stopped by Ivan Fedotov without a rebound.
5:30 of 3rd period - Gage Goncalves wins face-off versus Dylan Roobroeck in Eagles zone.
8:14 of 3rd period - Wrist shot by Ryan Carpenter.
8:14 of 3rd period - Shot Misses the Net.
8:54 of 3rd period - Alex Alexeyev is hit by Steven Santini and loses puck.
11:25 of 3rd period - Jett Woo is hit by Chase Wouters and loses puck.
12:24 of 3rd period - Icing by Zack MacEwen.
12:25 of 3rd period - Dylan Roobroeck wins face-off versus Chris Wagner in Eagles zone.
13:13 of 3rd period - Icing by Chris Wagner.
13:14 of 3rd period - Ryan Carpenter wins face-off versus Chase Wouters in Eagles zone.
13:14 of 3rd period - Ryan Carpenter is hit by Jordan Martel.
13:28 of 3rd period - Hunter Skinner is hit by Steven Santini and loses puck.
14:53 of 3rd period - Walker Duehr is hit by Curtis Douglas.
17:28 of 3rd period - Chris Wagner is hit by Lukas Rousek and loses puck.
18:47 of 3rd period - Grant Gabriele is hit by Ryan Carpenter and loses puck.
18:58 of 3rd period - Mark Giordano is hit by Josiah Didier and loses puck.
19:07 of 3rd period - Slapshot by Juha Jaaska.
19:07 of 3rd period - Deflect By Dylan Roobroeck.
19:07 of 3rd period - Shot Blocked by Hunter Skinner.
19:07 of 3rd period - Puck is out of play.
19:08 of 3rd period - Jeff Blashill call a timeout for Eagles.
19:08 of 3rd period - Gage Goncalves wins face-off versus Juha Jaaska in Eagles zone.
19:15 of 3rd period - Wrist shot by Lukas Rousek.
19:15 of 3rd period - Stopped by Ivan Fedotov with a rebound.
19:17 of 3rd period - Slapshot by Seth Helgeson.
19:17 of 3rd period - Shot Misses the Net.
19:19 of 3rd period - Backhand shot by Juha Jaaska.
19:19 of 3rd period - Stopped by Ivan Fedotov with a rebound.
19:21 of 3rd period - Wrist shot by Dylan Roobroeck.
19:21 of 3rd period - Shot Blocked by Hunter Skinner.
19:23 of 3rd period - Snap shot by Dylan Roobroeck.
19:23 of 3rd period - Deflect By Lukas Rousek.
19:23 of 3rd period - Shot Misses the Net.
19:23 of 3rd period - Puck is out of play.
19:24 of 3rd period - Gage Goncalves wins face-off versus Dylan Roobroeck in Eagles zone.
19:40 of 3rd period - Wrist shot by Juha Jaaska.
19:40 of 3rd period - Shot Blocked by Jett Woo.
19:42 of 3rd period - Snap shot by Seth Helgeson.
19:42 of 3rd period - Stopped by Ivan Fedotov with a rebound.
19:44 of 3rd period - Slapshot by Seth Helgeson.
19:44 of 3rd period - Stopped by Ivan Fedotov without a rebound.
19:45 of 3rd period - Gage Goncalves wins face-off versus Dylan Roobroeck in Eagles zone.
19:52 of 3rd period - Eagles, Ivan Fedotov is pulled from the net.
Goals for this period are 0 for Eagles vs 1 for Phantoms.
Shots for this period are 3 for Eagles vs 8 for Phantoms.